 Dungeon Crawl Stone Soup version 0.24.0-125-gc4c63601f3 (webtiles) character file.

Game seed: 4983267611310236232, levelgen mode: deterministic

2906 H0rd4k the Cutter (level 10, -5/74 HPs)
             Began as a Human Artificer on Feb 25, 2020.
             Slain by a wyvern zombie (14 damage)
             ... on level 6 of the Dungeon.
             The game lasted 00:20:13 (10199 turns).

H0rd4k the Cutter (Human Artificer)                Turns: 10199, Time: 00:20:13

Health: -5/74      AC:  8    Str: 14      XL:     10   Next: 6%
Magic:  13/13      EV: 16    Int:  9 (11) God:
Gold:   353        SH:  0    Dex: 18      Spells: 9/9 levels left

rFire    + . .     SeeInvis .   k - +2 dagger (drain)
rCold    . . .     Gourm    .   (no shield)
rNeg     . . .     Faith    .   C - +2 leather armour {rF+}
rPois    +         Spirit   .   (helmet restricted)
rElec    .         Reflect  .   u - +0 cloak
rCorr    .         Harm     .   (no gloves)
MR       .....                  g - +0 pair of boots
Stlth    +++.......             (no amulet)
HPRegen  0.22/turn              r - ring of poison resistance
MPRegen  0.13/turn              (no ring)

@: no status effects
A: antennae 1, agile 1, deterioration 1, poison resistance
a: no special abilities


You were on level 6 of the Dungeon.
You were hungry.

You visited 1 branch of the dungeon, and saw 9 of its levels.

You collected 353 gold pieces.

Inventory:

Hand Weapons
 a - a +0 short sword
 b - a +1 dagger of venom
 k - a +2 dagger of draining (weapon)
 v - a +0 falchion
Missiles
 y - 9 boomerangs (quivered)
Armour
 g - a +0 pair of boots (worn)
 n - a +0 helmet
 u - a +0 cloak (worn)
 C - a +2 leather armour of fire resistance (worn)
Jewellery
 d - an uncursed amulet of magic regeneration
 r - a ring of poison resistance (left hand)
Scrolls
 h - 5 scrolls of teleportation
 i - 4 scrolls of immolation
 j - a scroll of magic mapping
 l - a scroll of remove curse
 s - 7 scrolls of identify
Potions
 c - 3 potions of agility
 m - a potion of mutation
 o - a potion of heal wounds
 p - 3 potions of might
 q - a potion of cancellation {unknown}
 x - a potion of lignification
 z - a potion of ambrosia {unknown}
 A - a potion of curing {unknown}
 B - a potion of haste
Comestibles
 f - 12 rations


   Skills:
 + Level 5.3 Fighting
 + Level 7.1(7.2) Short Blades
 + Level 1.4(4.7) Long Blades
 + Level 0.4 Throwing
 + Level 5.0 Armour
 + Level 5.9 Dodging
 + Level 4.5 Stealth
   Level 4.7 Evocations


You had 9 spell levels left.
You didn't know any spells.
Your spell library contained the following spells:

 Spells                   Type           Power        Failure   Level  Hunger
 Animate Skeleton         Necr           N/A          45%         1    ##.....
 Pain                     Necr           #...         45%         1    ##.....
 Summon Small Mammal      Summ           #...         45%         1    ##.....
 Call Imp                 Summ           #.......     58%         2    ###....
 Call Canine Familiar     Summ           #.......     83%         3    ####...
 Regeneration             Chrm/Necr      #.........   83%         3    ####...
 Summon Guardian Golem    Hex/Summ       #.......     83%         3    ####...
 Vampiric Draining        Necr           #.........   83%         3    ####...
 Animate Dead             Necr           N/A          99%         4    #####..
 Summon Ice Beast         Ice/Summ       #.......     99%         4    #####..
 Summon Lightning Spire   Summ/Air       #.......     99%         4    #####..


Dungeon Overview and Level Annotations

Branches:
Dungeon (9/15)             Temple (0/1) D:4
   Lair: D:8-11         Orc: D:9-12

Altars:
Qazlal
Uskayaw
Vehumet
Yredelemnul
Zin
The Shining One

Shops:
D:7 :

Annotations:
D:2 2 transporters, exclusion: downstairs
D:3 exclusion: downstairs
D:4 1 runed translucent door, exclusions: downstairs, 2 phantoms and 2 upstairs, elgeorgio's ghost, amateur HOBe
D:6 exclusion: upstairs
D:9 exclusion: statue, Maurice


Innate Abilities, Weirdness & Mutations

You have a pair of small antennae on your head.
You are agile. (Dex +2)
Your body sometimes deteriorates upon taking damage.
Your system is resistant to poisons. (rPois)


Message History

The wyvern zombie is heavily damaged.
The wyvern zombie bites you!
You hit the wyvern zombie.
The wyvern zombie is severely damaged.
The wyvern zombie barely misses you.
You completely miss the wyvern zombie.
The wyvern zombie is severely damaged.
The wyvern zombie bites you!
* * * LOW HITPOINT WARNING * * *
Your body deteriorates!
You feel dopey.
You hit the wyvern zombie but do no damage.
The wyvern zombie is severely damaged.
You hit the wyvern zombie.
The wyvern zombie is severely damaged.
The wyvern zombie bites you!
* * * LOW HITPOINT WARNING * * *
You barely miss the wyvern zombie.
The wyvern zombie is severely damaged.
The wyvern zombie bites you!
You die...

#.###..#.#....(###.#.##
..)...........?........
#.#.#.........)#####.###
#.#.###...o...[#........
#.#.# ##..####)#........
#.#.# #..# #)#........
#.#.# #..####)#........
..#.# #.>#.............
###.# #..#.##.#@Z......
....# ...............
##### .................
..# #...........######.
#.# #...........# #.#
#............ #.#
#............. #.#
......... #.#


You could see a wyvern zombie.

Vanquished Creatures
  A two-headed ogre (D:9)
  Eustachio (D:6)
  An ice beast (D:9)
  2 orc warriors
  2 black bears (D:7)
  3 centaurs
  3 ogres
  Blork the orc (D:6)
  3 bullfrogs
  3 wights (D:6)
  A howler monkey (D:4)
  A crimson imp (D:6)
  A quasit (D:5)
  3 orc priests
  3 orc wizards
  2 hounds
  A centaur skeleton (D:4)
  Crazy Yiuf (D:5)
  2 bullfrog skeletons
  3 iguanas
  A worker ant (D:7)
  A hound zombie (D:7)
  3 hound skeletons
  Robin (D:3)
  2 gnolls (D:2)
  10 adders
  An adder zombie (D:5)
  An adder skeleton (D:9)
  A worm (D:4)
  A dart slug (D:1)
  7 leopard geckos
  28 orcs
  6 giant cockroaches
  8 goblins
  14 hobgoblins
  8 jackals
  5 quokkas
  2 ball pythons
  10 bats
  4 frilled lizards
  5 kobolds
  A leopard gecko skeleton (D:4)
  6 rats
164 creatures vanquished.

Vanquished Creatures (collateral kills)
  2 orc wizards (D:4)
  An adder (D:3)
  A worm (D:3)
  2 orcs (D:4)
  A jackal (D:4)
  A kobold (D:2)
8 creatures vanquished.

Vanquished Creatures (others)
  A wight (D:7)
  A hound (D:7)
  An iguana (D:9)
  A gnoll (D:2)
  An orc (D:3)
5 creatures vanquished.

Grand Total: 177 creatures vanquished

Notes
Turn   | Place    | Note
-------+----------+-------------------------------------------
     0 | D:1      | H0rd4k the Human Artificer began the quest for the Orb.
     0 | D:1      | Reached XP level 1. HP: 15/15 MP: 3/3
   161 | D:1      | Reached XP level 2. HP: 18/21 MP: 4/4
   725 | D:1      | Reached XP level 3. HP: 26/26 MP: 5/5
  1120 | D:2      | Reached skill level 2 in Short Blades
  1211 | D:2      | Found a transporter.
  1211 | D:2      | Found a transporter.
  1212 | D:2      | Noticed an ogre
  1515 | D:2      | Reached XP level 4. HP: 26/32 MP: 6/6
  2194 | D:2      | Reached skill level 1 in Armour
  2269 | D:2      | Reached XP level 5. HP: 37/37 MP: 7/7
  2407 | D:2      | Found a basalt altar of Yredelemnul.
  2578 | D:3      | Noticed Robin
  2703 | D:3      | Found a faded altar of an unknown god.
  3405 | D:4      | Noticed an ogre
  3406 | D:4      | Killed an ogre
  3406 | D:4      | Reached skill level 3 in Short Blades
  3406 | D:4      | Reached XP level 6. HP: 44/44 MP: 8/8
  3517 | D:4      | Found a staircase to the Ecumenical Temple.
  3932 | D:4      | Noticed a phantom
  4028 | D:4      | Noticed elgeorgio's ghost (amateur HOBe)
  4029 | D:4      | Found a runed translucent door.
  4085 | D:4      | Reached XP level 7. HP: 44/51 MP: 9/9
  4116 | D:4      | Found a stormy altar of Qazlal.
  4174 | D:5      | Entered Level 5 of the Dungeon
  4425 | D:4      | Reached skill level 4 in Short Blades
  4911 | D:4      | Found a hide-covered altar of Uskayaw.
  4915 | D:4      | Found a glowing golden altar of the Shining One.
  5353 | D:3      | Gained mutation: Your system is resistant to poisons.
                  | (rPois) [potion of mutation]
  5353 | D:3      | Gained mutation: Your body sometimes deteriorates upon
                  | taking damage. [potion of mutation]
  5353 | D:3      | Gained mutation: You have a pair of small antennae on your
                  | head. [potion of mutation]
  5353 | D:3      | Gained mutation: You are agile. (Dex +2) [potion of
                  | mutation]
  5747 | D:3      | Killed Robin
  5990 | D:5      | Found a runed translucent door.
  5991 | D:5      | Noticed Crazy Yiuf
  6132 | D:5      | Reached skill level 1 in Long Blades
  6262 | D:5      | Found a glowing silver altar of Zin.
  6986 | D:5      | Killed Crazy Yiuf
  7057 | D:6      | Noticed Eustachio
  7080 | D:6      | Reached XP level 8. HP: 33/58 MP: 11/11
  7392 | D:6      | Killed Eustachio
  8297 | D:6      | You fall into a shaft and drop 3 floors!
  8298 | D:9      | Noticed a two-headed ogre
  8309 | D:9      | Killed a two-headed ogre
  8309 | D:9      | Reached skill level 5 in Short Blades
  8309 | D:9      | Reached skill level 5 in Dodging
  8309 | D:9      | Reached XP level 9. HP: 23/65 MP: 12/12
  8624 | D:9      | Found a radiant altar of Vehumet.
  8624 | D:9      | Noticed Maurice
  8828 | D:9      | Reached skill level 6 in Short Blades
  9363 | D:8      | Found a stormy altar of Qazlal.
  9740 | D:7      | Reached skill level 5 in Fighting
  9791 | D:7      | Found Fiyroug's Book Shoppe.
 10115 | D:6      | Reached skill level 7 in Short Blades
 10128 | D:6      | Reached skill level 5 in Armour
 10128 | D:6      | Reached XP level 10. HP: 58/74 MP: 13/13
 10152 | D:6      | Noticed Blork the orc
 10176 | D:6      | Killed Blork the orc
 10199 | D:6      | Slain by a wyvern zombie

Levels and vault maps discovered:
D:1:      tarquinn_simple_flora_water_f, layout_loops_corners
D:2:      layout_basic, gammafunk_temple_overflow_arena, grunt_ministairs_4,
          serial_park_tiny_1
D:3:      layout_basic, chequers_ecumenical_altar_grove, uniq_robin
D:4:      layout_loops_ring, minitemple, minmay_temple_entry_sparse_star,
          hellmonk_ghost_happy_afterlife, first_ration
D:5:      layout_layer_cave, old_standard_altar, uniq_crazy_yiuf_cottage
D:6:      layout_basic, uniq_eustachio, uniq_blork_the_orc
D:7:      minmay_the_grid_triangle_9x9_rhombus_thin
          [minmay_the_grid_triangle_9x9_cache,
          minmay_the_grid_triangle_9x9_prize_center,
          minmay_the_grid_triangle_9x9_windchime,
          minmay_the_grid_triangle_9x9_intruding_spiral], layout_loops_corners,
          fedhas_altar_4, serial_shops, shop, grunt_livestock,
          hangedman_decor_peaks_small
D:8:      minmay_razor_zed, layout_basic, trog_eyes_of_draining, basic_altar
D:9:      layout_basic, ashenzari_conservatory_becter, vehumet_statue,
          hiddenorc1_lemuel, uniq_maurice

Skill      XL: |  1  2  3  4  5  6  7  8  9 |
---------------+----------------------------+-----
Short Blades   | 2 3 4 5 7 |  7.1
Armour         | 1 2 3 5 |  5.0
Stealth        | 2 3 4 |  4.5
Fighting       | 2 3 4 5 |  5.3
Dodging        | 3 5 |  5.9
Evocations     | 4 |  4.7
Long Blades    | 1 |  1.4
Throwing       | |  0.4

Action                   |  1- 3 |  4- 6 |  7- 9 | 10-12 || total
-------------------------+-------+-------+-------+-------++-------
Melee: Short sword       |   128 |   248 |    38 |       ||   414
       Dagger            |       |       |   559 |    51 ||   610
       Falchion          |       |       |    44 |       ||    44
Throw: Boomerang         |       |       |     3 |       ||     3
Evoke: Wand              |     4 |    21 |    24 |       ||    49
  Use: Potion            |       |       |     6 |     1 ||     7
       Scroll            |       |       |     9 |       ||     9
 Stab: Sleeping          |     2 |     5 |     6 |       ||    13
       Distracted        |       |     1 |     1 |       ||     2
  Eat: Chunk             |     2 |     8 |    13 |       ||    23
       Ration            |       |       |     2 |       ||     2
Armor: Leather armour    |    40 |    56 |   105 |     3 ||   204
Dodge: Dodged            |    98 |   156 |   368 |    13 ||   635
       Rpst.: Falchion   |       |       |    11 |       ||    11
